Map: Habitation Station LE (Void)

Players

Elazer - Winner!

  • Race: Zerg Zerg
  • Spawn Location: 11:00

MajOr (SpeCial)

  • Race: Terran Terran
  • Spawn Location: 1:00

Event: WESG 2016 Finals

VOD

Have the link to the VOD?

Description

Time

  • Played on: Jan. 13, 2017, 4:35 a.m.
  • Length: 5:33

All games in this series

Show
View Real Time Build Order
Export as new Build Order

Elazer Zerg - Winner!

Build Orders: Pool Only, Ravager All-In 

Get SALT Encoding   

  12  0:17  Spawning Pool  
  11  0:22  Drone  
  11  0:27  Drone  
  13  0:31  Drone  
  14  0:36  Extractor  
  14  0:37  Drone  
  14  0:45  Drone, Extractor  
  14  1:05  Roach Warren  
  14  1:06  Drone  
  14  1:11  Overlord  
  14  1:35  Overlord  
  14  1:45  Roach x2  
  18  1:54  Roach  
  20  2:03  Roach  
  20  2:06  Ravager  
  24  2:08  Ravager  
  24  2:18  Roach  
  24  2:21  Ravager  
  27  2:26  Ravager  
  28  2:36  Overlord  
  28  2:42  Ravager  
  29  2:57  Roach  
  31  3:04  Roach  
  33  3:08  Roach  
  35  3:18  Roach  
  37  3:25  Ravager  
  29  3:45  Roach  
  29  3:46  Roach  
  30  3:51  Ravager  
  31  3:58  Ravager  
  31  4:00  Roach  
  34  4:07  Overlord  
  34  4:26  Roach x2  
  38  4:31  Overlord  
  35  5:03  Roach  
  35  5:05  Roach x2  
  35  5:06  Ravager  
  41  5:07  Ravager  
Show
View Real Time Build Order
Export as new Build Order

MajOr Terran 

Build Orders: Cyclone Opening, Reaper Expand 

Get SALT Encoding   

  12  0:00  SCV  
  13  0:13  SCV  
  14  0:17  Supply Depot  
  14  0:25  SCV  
  15  0:29  Refinery  
  15  0:38  SCV  
  16  0:44  Barracks  
  16  0:50  SCV  
  17  1:03  SCV  
  18  1:15  SCV  
  19  1:31  Orbital Command, Reaper  
  20  1:42  Command Center  
  20  1:51  Factory  
  20  1:57  SCV  
  21  2:04  Refinery  
  21  2:06  Barracks Reactor  
  21  2:09  SCV  
  21  2:14  Supply Depot  
  22  2:21  SCV  
  23  2:35  SCV  
  24  2:37  Starport  
  24  2:43  Marine x2  
  26  2:45  Cyclone  
  29  2:55  Orbital Command  
  29  2:58  Supply Depot  
  29  3:01  Marine  
  29  3:04  SCV  
  32  3:06  Supply Depot  
  29  3:16  Marine  
  29  3:17  Cyclone  
  30  3:22  SCV  
  25  3:41  SCV  
  20  3:52  SCV  
  21  3:56  SCV  
  21  3:57  Barracks Reactor  
  22  4:04  SCV  
  22  4:08  SCV  
  26  4:12  Widow Mine  
  26  4:22  SCV  
  25  4:30  Orbital Command  
  25  4:34  SCV  
  28  4:41  Cyclone  
  29  4:48  SCV  
  19  5:04  SCV x2  
  18  5:16  SCV  
  18  5:20  SCV  
Tags
 
Add a new tag
Caveats
  • Supply blocks, unpowered buildings, or Contaminate may cause inaccurate times.
  • Supply counts are checked every 10 seconds.